 Dungeon Crawl Stone Soup version 0.29-a0-1019-g84f7d21838 (webtiles) character file.

Game seed: 4287123422153902145

1219 Mesmaeker13 the Insei (level 8, -17/48 HPs)
             Began as an Octopode Transmuter on Aug 10, 2022.
             Demolished by a shadow (34 damage)
             ... on level 5 of the Dungeon.
             The game lasted 00:12:09 (7069 turns).

Mesmaeker13 the Insei (Octopode Transmuter)         Turns: 7069, Time: 00:12:09

Health: -17/48     AC:  2    Str:  9    XL:     8   Next: 47%
Magic:  11/14      EV: 19    Int: 18    God:
Gold:   215        SH:  0    Dex: 17    Spells: 6/15 levels left

rFire   x . .      SeeInvis .     - Unarmed
rCold   + . .      Faith    .   (shield currently unavailable)
rNeg    . . .      Spirit   .   (helmet currently unavailable)
rPois   x          Reflect  .   a - amulet of the acrobat
rElec   .          Harm     .   g - ring of ice
rCorr   .          Rampage  .   (no ring)
Will    .....                   (no ring)
Stlth   ++........              (no ring)
HPRegen 0.16/turn               (no ring)
MPRegen 0.14/turn               (no ring)
                                (no ring)
                                (no ring)

@: spider-form
A: venomous fangs, almost no armour, (amphibious), 8 rings, tiny, (camouflage
1), (gelatinous body 1), (nimble swimmer 1), (tentacles)
a: End Transformation


You were on level 5 of the Dungeon.
You were a venomous arachnid creature.
You visited 2 branches of the dungeon, and saw 6 of its levels.
You also visited: Sewer.

You collected 265 gold pieces.
You spent 50 gold pieces at shops.

Inventory:

Hand Weapons
 l - a +1 vorpal sling
 p - the +7 hand axe of Wuashienk (melded) {freeze, Dex+2}
   (You took it off a kobold on level 4 of the Dungeon)

   It freezes those it strikes, dealing additional cold damage.
   It can also slow down cold-blooded creatures.
   Dex:       It affects your dexterity (+2).
Missiles
 t - 4 javelins
Jewellery
 a - an amulet of the acrobat (around neck)
 g - a ring of ice (left front leg)
Scrolls
 c - 2 scrolls of enchant weapon
 h - 2 scrolls of enchant armour {unknown}
 i - 2 scrolls of summoning {unknown}
 k - a scroll of magic mapping {unknown}
 n - a scroll of blinking
 s - a scroll of brand weapon
Potions
 b - a potion of magic
 d - a potion of mutation
 f - a potion of haste {unknown}
 j - a potion of flight {unknown}
 o - 2 potions of curing
 q - a potion of resistance {unknown}
 r - a potion of might
Miscellaneous
 m - a phial of floods (inert)


   Skills:
 - Level 1.0 Fighting
 - Level 2.0 Dodging
 + Level 5.8 Unarmed Combat
 - Level 4.0 Spellcasting
 + Level 5.3 Transmutations
 + Level 2.9 Fire Magic
 + Level 5.3 Poison Magic


You had 6 spell levels left.
You knew the following spells:

 Your Spells              Type           Power      Damage    Failure   Level
a - Beastly Appendage     Tmut           44%        N/A       7%          1
b - Wereblood             Tmut           22%        N/A       10%         2
c - Spider Form           Tmut/Pois      22%        N/A       14%         3
d - Ignite Poison         Fire/Tmut/Pois 20%        N/A       19%         3

Your spell library contained the following spells:

 Spells                   Type           Power      Damage    Failure   Level
 Passwall                 Tmut/Erth      10%        N/A       21%         2
 Sandblast                Erth           6%         2d5       32%         1
 Blink                    Tloc           6%         N/A       43%         2
 Static Discharge         Conj/Air       3%         3-4/arc   43%         2
 Sublimation of Blood     Necr           3%         N/A       43%         2
 Conjure Flame            Conj/Fire      8%         6-21      45%         3
 Lesser Beckoning         Tloc           3%         N/A       63%         3
 Stone Arrow              Conj/Erth      6%         3d7       63%         3
 Summon Guardian Golem    Hex/Summ       3%         N/A       63%         3
 Ice Form                 Ice/Tmut       19%        N/A       65%         4
 Petrify                  Tmut/Erth      13%        N/A       65%         4
 Sticky Flame             Conj/Fire      8%         2d3       82%         4
 Irradiate                Conj/Tmut      6%         3d13      92%         5
 Manifold Assault         Tloc           3%         N/A       99%         5
 Orb of Destruction       Conj           1%         9d5       100%        7
 Spellforged Servitor     Conj/Summ      1%         N/A       100%        7
 Animate Armour           Summ/Erth      Unusable   N/A       N/A         4

Dungeon Overview and Level Annotations

Branches:
Dungeon (5/15)             Temple (1/1) D:4           Sewer (visited)

Altars:
Cheibriados
Dithmenos
Elyvilon
Hepliaklqana
Kikubaaqudgha
Makhleb
Ru
Trog
Uskayaw
Vehumet
Wu Jian
Xom
The Shining One

Shops:
D:2 *   D:3 *((*(

Annotations:
D:3 3 runed translucent doors, toffzen's ghost, amateur MiBe
D:5 Menkaure


Innate Abilities, Weirdness & Mutations

You are a venomous arachnid creature.
You have poisonous fangs.
You are tiny and dextrous.
Your spellcasting is less reliable in this form.
Your armour is entirely melded.
You are incapable of wielding weapons or throwing items.
You cannot wear most types of armour.
((You are amphibious.))
You can wear up to eight rings at the same time.
((Your skin changes colour to match your surroundings (Stealth+).))
((Your rubbery body absorbs attacks. (AC +1, EV +1)))
((You are camouflaged when in or above water. (Stealth+)))
((You have tentacles for arms and can constrict up to eight enemies at once.))


Message History

You open the door.
There is an open door here.
You open the door.
There is an open door here.
You open the door.
A shadow comes into view.
Casting: Spider Form (dangerous; 4% risk of failure)
Confirm with . or Enter, or press ? or * to list all spells.
You don't know that spell.
Unknown command.
Okay, then.
Casting: Spider Form (dangerous; 4% risk of failure)
Confirm with . or Enter, or press ? or * to list all spells.
Okay, then.
Unknown command.
Casting: Spider Form (dangerous; 4% risk of failure)
Confirm with . or Enter, or press ? or * to list all spells.
You turn into a venomous arachnid creature.
The +7 hand axe of Wuashienk {freeze, Dex+2} melds into your body.
The +7 hand axe of Wuashienk {freeze, Dex+2} stops glowing.
The shadow closely misses you.
You barely miss the shadow. The shadow hits you.
You hit the shadow but do no damage. The shadow hits you!
You hit the shadow but do no damage.
The shadow slips into darkness.
The shadow flickers and vanishes!
Deactivating autopickup; reactivate with Ctrl-A.
You completely miss something.
The shadow strikes at you from the darkness!
* * * LOW HITPOINT WARNING * * *
Reactivating autopickup.
You hit the shadow.
The shadow is moderately damaged.
The shadow slips into darkness.
The shadow flickers and vanishes!
Deactivating autopickup; reactivate with Ctrl-A.
You feel better.
The shadow strikes at you from the darkness!
Ouch! That really hurt!
You die...

#....[# #..........# #....
#.#.######..........# ####....
#...................# #.......
###.######.......######.......
###.######>......'............
#................#...♣♣♣......
#.#.######.......#..♣# #♣.....
#.#.# #.##'#####.♣ ♣.....
#.#.# #(##s# #.♣# #♣.....
#.#.# #+##{# #..♣♣♣......
#.#.# ... #........... #.#.#
..... #######..... #.#.#
....... ##....
#.#)#####........# ####.
#..)....+........# #.
####.#.#####........# #.
#....#.# #.


There were no monsters in sight!

Vanquished Creatures
  Duvessa (D:5)
  An ice beast (D:4)
  Pargi (Sewer)
  A black bear (D:4)
  An ogre (D:5)
  2 phantoms (D:4)
  A bullfrog (D:5)
  2 scorpions (D:5)
  Dowan (D:5)
  A hound (D:5)
  3 orc priests
  4 orc wizards (D:4)
  4 gnolls
  5 adders
  2 dart slugs
  5 orcs
  3 ball pythons
  3 endoplasms
  2 giant cockroaches
  4 goblins
  8 hobgoblins
  8 jackals
  8 quokkas
  2 bats
  2 frilled lizards
  8 kobolds
  2 rats
85 creatures vanquished.

Vanquished Creatures (others)
  7 demonic plants (D:4)
  A plant (D:2)
8 creatures vanquished.

Grand Total: 93 creatures vanquished

Notes
Turn   | Place    | Note
-------+----------+-------------------------------------------
     0 | D:1      | Mesmaeker13 the Octopode Transmuter began the quest for the
                  | Orb.
     0 | D:1      | Reached XP level 1. HP: 13/13 MP: 3/3
    62 | D:1      | Found a faded altar of an unknown god.
   175 | D:1      | Reached XP level 2. HP: 2/18 MP: 3/5
   698 | D:1      | Learned a level 2 spell: Wereblood
   703 | D:1      | Reached XP level 3. HP: 19/23 MP: 4/6
  1195 | D:1      | Got the Spellbook of Blasts and Minerals
  1268 | D:2      | Learned a level 3 spell: Spider Form
  1601 | D:2      | Found Igiasi's Assorted Antiques.
  1848 | D:3      | Found Zevibby's Antique Weapon Boutique.
  2057 | D:3      | Found Zunlidawk's General Store.
  2257 | D:3      | Found a runed translucent gate.
  2257 | D:3      | Found a runed translucent gate.
  2258 | D:3      | Found a runed translucent gate.
  2262 | D:3      | Found a burning altar of Makhleb.
  2433 | D:3      | Reached XP level 4. HP: 28/28 MP: 2/8
  2503 | D:3      | Reached skill level 1 in Poison Magic
  2794 | D:3      | Noticed toffzen's ghost (amateur MiBe)
  2862 | D:3      | Bought a potion of heal wounds for 50 gold pieces
  2948 | D:3      | Found Wutifir's Assorted Antiques.
  2962 | D:3      | Found Emmeu's Weapon Emporium.
  3177 | D:3      | Found Xyr Yny's Antique Weapon Shop.
  3619 | D:4      | Found a sacrificial altar of Ru.
  3666 | D:4      | Noticed a phantom
  3667 | D:4      | Identified the +7 hand axe of Wuashienk {freeze, Dex+2}
  3692 | D:4      | Killed a phantom
  3693 | D:4      | Reached XP level 5. HP: 22/33 MP: 0/9
  3781 | D:4      | Found a staircase to the Ecumenical Temple.
  3893 | D:4      | Noticed an ice beast
  3913 | D:4      | Killed an ice beast
  3914 | D:4      | Reached XP level 6. HP: 9/38 MP: 7/11
  3961 | D:4      | Found a glowing drain.
  4052 | Sewer    | Entered a sewer
  4122 | Sewer    | Noticed Pargi
  4130 | Sewer    | Killed Pargi
  4358 | D:4      | Reached XP level 7. HP: 43/43 MP: 9/12
  4387 | Temple   | Entered the Ecumenical Temple
  5091 | D:4      | Learned a level 3 spell: Ignite Poison
  5139 | D:4      | Reached skill level 5 in Unarmed Combat
  5367 | D:4      | Reached skill level 1 in Fire Magic
  5949 | D:5      | Entered Level 5 of the Dungeon
  6332 | D:5      | Reached XP level 8. HP: 48/48 MP: 8/14
  6737 | D:5      | Noticed Duvessa
  6737 | D:5      | Noticed Dowan
  6750 | D:5      | Killed Duvessa
  6750 | D:5      | Killed Dowan
  6751 | D:5      | Reached skill level 5 in Transmutations
  6751 | D:5      | Reached skill level 5 in Poison Magic
  6936 | D:5      | Noticed Menkaure
  7062 | D:5      | Noticed a shadow
  7069 | D:5      | Demolished by a shadow

Illustrated notes

Levels and vault maps discovered:
D:1:      ncdulo_smallfort, layout_rooms, shapermc_ecumenical_altar_acropolis
D:2:      layout_basic, serial_shops, nicolae_shop_overgrown_old_shop
D:3:      layout_basic, mainiacjoe_overflow_small_starburst,
          gammafunk_ghost_icy, serial_shops, shop, shop,
          nicolae_shop_bloodbath_and_beyond, nicolae_shop_hallway_stairs,
          nicolae_shop_behind_doors, uniq_crazy_yiuf_cottage
D:4:      layout_loops_cross, lemuel_round_altar, minmay_temple_entry_tees,
          gup_sewer_entry_glass, kennysheep_minor_cross,
          dreamdust_princess_corridor
D:5:      layout_basic, mainiacjoe_overflow_alcove_1, minmay_stone_trees_small,
          kennysheep_generic_room_7, uniq_menkaure, uniq_duvessa
Temple:   minmay_temple_curvy_loop

Skill      XL: |  1  2  3  4  5  6  7  8 |
---------------+-------------------------+-----
Poison Magic   | 2 3 4 5 |  5.3
Transmutations | 3 4 5 |  5.3
Unarmed Combat | 4 5 |  5.8
Spellcasting   | 3 4 |  4.0
Fire Magic     | 2 |  2.9
Fighting       | |  1.0
Dodging        | |  2.0

Action                   |  1- 3 |  4- 6 |  7- 9 || total
-------------------------+-------+-------+-------++-------
Melee: Unarmed           |    79 |    62 |    65 ||   206
       Kick              |    25 |     8 |     4 ||    37
       Constrict         |    18 |    14 |     4 ||    36
       Tentacles         |    14 |     6 |     5 ||    25
       Punch             |     2 |     1 |       ||     3
       Hand axe          |       |    17 |    20 ||    37
 Fire: Sling             |     5 |       |       ||     5
Throw: Boomerang         |       |     2 |     4 ||     6
 Cast: Beastly Appendage |    26 |     9 |     2 ||    37
       Spider Form       |     1 |     6 |    12 ||    19
       Wereblood         |       |     4 |     3 ||     7
       Ignite Poison     |       |       |     2 ||     2
Evoke: Phial of floods   |       |     1 |       ||     1
  Use: Scroll            |     4 |     3 |     7 ||    14
       Potion            |     1 |     1 |     2 ||     4
 Stab: Sleeping          |     5 |     1 |     1 ||     7
Armor: Skin              |     7 |     2 |     8 ||    17
Dodge: Dodged            |    51 |    48 |    48 ||   147

Table legend: (Time is in decaauts)
 A = Elapsed time spent in this place.
 B = Non-inter-level travel time spent in this place.
 C = Inter-level travel time spent in this place.
 D = Time resting spent in this place.
 E = Time spent auto-exploring this place.
 F = Levels seen in this place.
 G = Mean time per level.
                   A        B        C        D        E       F      G
               +--------+--------+--------+--------+--------+-----+--------+
         Total |   7069 |   6840 |    229 |   1900 |   3683 |   7 | 1009.9 |
       Dungeon |   6628 |   6422 |    206 |   1825 |   3404 |   5 | 1325.6 |
        Temple |    215 |    192 |     23 |      0 |    188 |   1 |  215.0 |
         Sewer |    225 |    225 |      0 |     75 |     91 |   1 |  225.0 |
               +--------+--------+--------+--------+--------+-----+--------+

Top non-repeatable levels by time:
     D:3: 2117 daAuts
     D:4: 1503 daAuts
     D:1: 1259 daAuts
     D:5: 1119 daAuts
     D:2: 628 daAuts
   Sewer: 225 daAuts
  Temple: 215 daAuts
